 Dungeon Crawl Stone Soup version 0.31-a0-358-gac0dbeb3ab (webtiles) character file.

Game seed: 14717716852391907062

42 javelincjr the Magician (level 3, -11/25 HPs)
             Began as a Demonspawn Hedge Wizard on July 25, 2023.
             Killed by divine providence
             ... invoked by a smoke demon
              (14 damage)
             ... on level 1 of the Abyss.
             The game lasted 00:05:31 (984 turns).

javelincjr the Magician (Demonspawn Hedge Wizard)    Turns: 984, Time: 00:05:32

Health: -11/25     AC:  4    Str: 10    XL:     3   Next: 35%
Magic:  5/7        EV: 12    Int: 17    God:
Gold:   55         SH:  0    Dex: 12    Spells: 3/8 levels left

rFire   . . .        p - +11 mace of Diet Blood {venom, rC+}
rCold   + . .        (no shield)
rNeg    . . .        b - +0 robe
rPois   .            c - +0 hat
rElec   .            (no cloak)
rCorr   .            (no gloves)
SInv    .            j - +1 pair of boots {Stlth+}
Will    .....        (no amulet)
Stlth   +            (no ring)
HPRegen 0.24/turn    (no ring)
MPRegen 0.10/turn

%: no passive effects
@: on fire, glowing
A: powered by death 1, weakness stinger 1
a: no special abilities


You were on level 1 of the Abyss.
You visited 1 branch of the dungeon, and saw 2 of its levels.
You visited the Abyss 1 time.

You collected 55 gold pieces.

Inventory:

Hand Weapons
 a - a +0 dagger
 m - a +0 spear of distortion
 p - the +11 mace of Diet Blood (weapon) {venom, rC+}
   (You found it on level 2 of the Dungeon)

   rC:        It protects you from cold.
Missiles
 o - 2 poisoned darts
Armour
 b - a +0 robe (worn)
 c - a +0 hat (worn)
 j - a +1 pair of boots of stealth (worn)
Scrolls
 e - 3 scrolls of teleportation {unknown}
 h - 2 scrolls of vulnerability {unknown}
 k - 2 scrolls of identify {unknown}
Potions
 d - a potion of magic
 f - a potion of cancellation {unknown}
 g - a potion of curing {unknown}
 i - a potion of degeneration {unknown}
 l - a potion of brilliance {unknown}
 n - a potion of invisibility {unknown}


   Skills:
 + Level 0.7 Fighting
 * Level 0.0 Maces & Flails
 + Level 2.1 Dodging
 + Level 2.0 Stealth
 * Level 3.3 Spellcasting
 + Level 1.3 Conjurations
 + Level 1.3 Summonings
 + Level 1.2 Translocations


You had 3 spell levels left.
You knew the following spells:

 Your Spells              Type           Power      Damage    Failure   Level
a - Magic Dart            Conj           28%        1d4       10%         1
b - Call Imp              Summ           14%        N/A       14%         2
c - Blink                 Tloc           14%        N/A       16%         2

Your spell library contained the following spells:

 Spells                   Type           Power      Damage    Failure   Level
 Slow                     Hex            8%         N/A       17%         1
 Cigotuvi's Dreadful Rot  Necr/Pois/Air  4%         N/A       26%         2
 Mephitic Cloud           Conj/Pois/Air  4%         N/A       38%         3


Dungeon Overview and Level Annotations

Branches:
Dungeon (2/15)

Altars:


Innate Abilities, Weirdness & Mutations

You regenerate a little health from kills.
You have a small tail.


Message History

You see here the +11 mace of Diet Blood {venom, rC+}.
p - the +11 mace of Diet Blood {venom, rC+} Really unwield
m - a +0 spear of distortion?
The +11 mace of Diet Blood {venom, rC+} begins to drip with poison!
p - the +11 mace of Diet Blood (weapon)
{venom, rC+} You are cast into the Abyss!
This branch contains the abyssal rune of Zot.
A starflower comes into view.
The smoke demon roars!
The smoke demon hits you.
The smoke demon hits you but does no damage.
The smoke demon hits you.
You hit the smoke demon.
The smoke demon is lightly wounded.
The smoke demon hits you but does no damage.
The smoke demon hits you. The smoke demon misses you.
You hit the smoke demon.
The smoke demon is poisoned.
You tail-slap the smoke demon.
The smoke demon is heavily wounded.
The smoke demon hits you.
The smoke demon hits you but does no damage.
The smoke demon barely misses you.
Casting: Call Imp (safe; 14% risk of failure)
Confirm with . or Enter, or press ? or * to list all spells.
A tiny devil pulls itself out of the air.
The smoke demon gestures at you. The sticky flame hits you.
You are covered in liquid flames!
You hit the smoke demon.
The smoke demon is heavily wounded.
You are covered in liquid flames!
* * * LOW HITPOINT WARNING * * *
The smoke demon hits you but does no damage. x2
The smoke demon hits you.
* * * LOW HITPOINT WARNING * * *
Your cerulean imp closely misses the smoke demon.
The smoke demon gestures at you. Something smites you!
Ouch! That really hurt!
You die...

# # # ..##. ..
#....# ####.
....###.#..
#.#.#...#.#
#......3.#.##.
#.@5......
#..##.#.....
#... .# ..#
#.#. .# # ##..
.# .# .. .. ..
#. #.


You could see a smoke demon (very poisoned, ally target) and a friendly cerulean
imp (summoned).

Vanquished Creatures
  An adder (D:2)
  2 bats (D:2)
  An endoplasm (D:1)
  A giant cockroach (D:1)
  5 goblins (D:1)
  4 hobgoblins
  A quokka (D:1)
  2 ball pythons
  6 frilled lizards
  A kobold (D:1)
  2 rats
26 creatures vanquished.

Vanquished Creatures (collateral kills)
  A worm (D:2)
  2 endoplasms (D:2)
3 creatures vanquished.

Grand Total: 29 creatures vanquished

Notes
Turn   | Place    | Note
-------+----------+-------------------------------------------
     0 | D:1      | javelincjr the Demonspawn Hedge Wizard began the quest for
                  | the Orb.
     0 | D:1      | Reached XP level 1. HP: 13/13 MP: 4/4
    70 | D:1      | Reached skill level 1 in Translocations
   230 | D:1      | Gained mutation: You have a small tail. [demonic ancestry]
   230 | D:1      | Reached XP level 2. HP: 16/20 MP: 1/6
   390 | D:1      | Learned a level 2 spell: Call Imp
   393 | D:1      | Learned a level 2 spell: Blink
   732 | D:2      | Gained mutation: You regenerate a little health from kills.
                  | [demonic ancestry]
   732 | D:2      | Reached XP level 3. HP: 25/25 MP: 3/7
   934 | D:2      | Identified the +11 mace of Diet Blood {venom, rC+}
   936 | Abyss:1  | Cast into level 1 of the Abyss (unwielding a weapon of
                  | distortion)
   937 | Abyss:1  | Noticed a starflower
   949 | Abyss:1  | Noticed an ancient zyme
   979 | Abyss:1  | Noticed a smoke demon
   984 | Abyss:1  | Killed from afar by a smoke demon

Illustrated notes

Levels and vault maps discovered:
D:1:      wander_arrival_desolate, layout_rooms
D:2:      layout_basic, uniq_robin, uniq_jessica
Abyss:1:  base: D:1, spicy_abyss_unhelpful_harpoons

Skill      XL: |  1  2 |
---------------+-------+-----
Translocations | 1 |  1.2
Dodging        | 2 |  2.1
Stealth        | 2 |  2.0
Fighting       | |  0.7
Spellcasting   | |  3.3
Conjurations   | |  1.3
Summonings     | |  1.3

Action                     || total
---------------------------++-------
  Melee: Dagger            ||    18
         Spear             ||    21
         Tailslap          ||     4
         Punch             ||     1
         Mace              ||     3
   Cast: Magic Dart        ||    28
         Call Imp          ||     5
   Stab: Sleeping          ||     3
 Armour: Robe              ||    10
  Dodge: Dodged            ||    20

Table legend: (Time is in decaauts)
 A = Elapsed time spent in this place.
 B = Non-inter-level travel time spent in this place.
 C = Inter-level travel time spent in this place.
 D = Time resting spent in this place.
 E = Time spent auto-exploring this place.
 F = Levels seen in this place.
 G = Mean time per level.
                   A        B        C        D        E       F      G
               +--------+--------+--------+--------+--------+-----+--------+
         Total |    986 |    970 |     16 |      0 |    738 |   3 |  328.7 |
       Dungeon |    937 |    921 |     16 |      0 |    738 |   2 |  468.5 |
         Abyss |     48 |     48 |      0 |      0 |      0 |   1 |   48.0 |
               +--------+--------+--------+--------+--------+-----+--------+

Top non-repeatable levels by time:
     D:1: 693 daAuts
     D:2: 244 daAuts
 Abyss:1: 48 daAuts
